 Dungeon Crawl Stone Soup version 0.30.1-4-g462c640d31 (webtiles) character file.

Game seed: 15540971276459506708

2012 spardeous the Placeless Demigod (level 8, -26/57 HPs)
             Began as a Demigod Conjurer on Aug 15, 2023.
             Killed from afar by Maggie (33 damage)
             ... with a bolt of fire
             ... on level 7 of the Dungeon.
             The game lasted 00:09:40 (7360 turns).

spardeous the Placeless Demigod (Demigod Conjurer)  Turns: 7360, Time: 00:09:40

Health: -26/57     AC:  5    Str: 12    XL:     8   Next: 72%
Magic:  11/17      EV: 11    Int: 24    God:
Gold:   192        SH:  6    Dex: 12    Spells: 8/15 levels left

rFire   . . .        F - +5 short sword
rCold   + + .        t - +3 buckler of the Known World {Contam rC+ SInv Stlth+}
rNeg    . . .        l - +1 robe {Archmagi}
rPois   +            C - +2 hat
rElec   .            (no cloak)
rCorr   .            (no gloves)
SInv    +            (no boots)
Will    .....        v - amulet of magic regeneration
Stlth   +++          p - ring of protection from cold
HPRegen 0.29/turn    s - ring of poison resistance
MPRegen 0.55/turn

%: archmagi
@: no status effects
A: high MP 1, forlorn, divine attributes
a: no special abilities


You were on level 7 of the Dungeon.
You visited 1 branch of the dungeon, and saw 7 of its levels.

You collected 384 gold pieces.
You spent 192 gold pieces at shops.

Inventory:

Hand Weapons
 m - a +0 mace
 F - a +5 short sword (weapon)
Armour
 a - a +0 robe
 g - a +0 helmet
 l - a +1 robe of the Archmagi (worn)
 t - the +3 buckler of the Known World (worn) {Contam rC+ SInv Stlth+}
   (You found it on level 4 of the Dungeon)

   rC:        It protects you from cold.
   SInv:      It lets you see invisible.
   Contam:    It causes magical contamination when unequipped.
   Stlth:     It makes you more stealthy.
 B - a scarf of invisibility
 C - a +2 hat (worn)
Magical Staves
 x - a staff of earth
Jewellery
 p - a ring of protection from cold (left hand)
 s - a ring of poison resistance (right hand)
 v - an amulet of magic regeneration (around neck)
 D - a ring of ice
Wands
 w - a wand of charming (4)
 y - a wand of flame (16)
 z - a wand of polymorph (10)
 A - a wand of digging (5)
Scrolls
 c - 4 scrolls of teleportation {unknown}
 d - 8 scrolls of identify {unknown}
 e - a scroll of magic mapping {unknown}
 f - 4 scrolls of fear {unknown}
 i - a scroll of immolation {unknown}
 j - 2 scrolls of vulnerability {unknown}
 n - 3 scrolls of enchant weapon {unknown}
 E - a scroll of enchant armour {unknown}
 G - a scroll of noise {unknown}
Potions
 b - a potion of magic
 h - 3 potions of haste {unknown}
 k - 2 potions of curing
 o - a potion of degeneration {unknown}
 q - 4 potions of heal wounds {unknown}
 r - a potion of mutation {unknown}
 u - a potion of flight {unknown}


   Skills:
 - Level 1.7 Dodging
 - Level 1.7 Stealth
 - Level 4.0 Spellcasting
 + Level 6.9 Conjurations
 - Level 8.0 Translocations


You had 8 spell levels left.
You knew the following spells:

 Your Spells              Type           Power      Damage    Failure   Level
a - Magic Dart            Conj           100%       1d8       1%          1
b - Searing Ray           Conj           100%       2d8       1%          2
c - Iskenderun's Mystic   Conj/Tloc      57%        2d12      6%          4

Your spell library contained the following spells:

 Spells                   Type           Power      Damage    Failure   Level
 Blink                    Tloc           100%       N/A       1%          2
 Lesser Beckoning         Tloc           100%       N/A       1%          2
 Momentum Strike          Conj/Tloc      100%       3d10      1%          2
 Dazzling Flash           Conj/Hex       64%        N/A       11%         3
 Fulminant Prism          Conj/Hex       16%        3d10      34%         4


Dungeon Overview and Level Annotations

Branches:
Dungeon (7/15)             Temple (0/1) D:4

Shops:
D:5 [   D:7 :

Annotations:
D:2 1 runed translucent door, Crazy Yiuf
D:7 Maggie


Innate Abilities, Weirdness & Mutations

You have an increased reservoir of magic. (+10% MP)
You shall have no god before yourself.
Your divine heritage dramatically boosts your attributes as you level up.


Message History

You finish channelling your searing ray.
Maggie zaps a wand.
The puff of flame hits you!
You take 8 damage, and have 39/57 hp.
Casting: Searing Ray (safe; 1% risk of failure)
Confirm with . or Enter, or press ? or * to list all spells.
Aiming: Searing Ray (safe; 1% risk of failure)
Press: ? - help, Shift-Dir - straight line, f/p - Maggie
Aim: Maggie, wielding a +3 morningstar of flaming, wearing +0 swamp dragon scales and carrying a wand of flame (20) (lightly wounded, 85% to hit)
You feel a surge of power!
The searing ray hits Maggie.
Maggie is lightly wounded. (Press . to maintain the ray.)
You now have 13/17 mp.
The searing ray hits Maggie.
Maggie is lightly wounded.
Maggie casts a spell.
Maggie attempts to bespell you! You resist with almost no effort.
You now have 12/17 mp.
The searing ray hits Maggie.
Maggie is lightly wounded.
Maggie hits you with a +3 morningstar of flaming!
Maggie burns you.
You take 12 damage, and have 28/57 hp.
MASSIVE DAMAGE!!
Casting: Searing Ray (safe; 1% risk of failure)
Confirm with . or Enter, or press ? or * to list all spells.
You feel a surge of power!
You erupt in a blast of force!
The mystic blast hits Maggie!
Maggie is moderately wounded.
Maggie is knocked back by the mystic blast.
You now have 8/17 mp.
Maggie zaps a wand.
The puff of flame hits you!
* * * LOW HITPOINT WARNING * * *
You take 9 damage, and have 20/57 hp.
Maggie gestures at you while chanting. The bolt of fire hits you!
* * * LOW HITPOINT WARNING * * *
You take 13 damage, and have 7/57 hp.
MASSIVE DAMAGE!!
Maggie points at you and mumbles some strange words.
The bolt of fire hits you!!
Ouch! That really hurt!
You die...

......#
#.##..####.###....
#####.######. #.#
.......# #........
#@# #.##...#
#..#####. #.#
#......# #..# #.#
### ##....§§# #..#
#.# #.. ....≈≈§^
#..# #.# #.#
#.###§.. #..# #.#
#.# #^##≈... #..#
#@# #.# #≈.##...
#..#
#.####.####≈§§≈≈.^
#..#
#....#...))....._.
#####..#
#..#.....).≈.≈...≈
.....†.#
##...#.####.#≈#(..
######.#
#.#####.##.#
#)§##≈(^ .#
#.......##.#
#..#^..^ .#
##########.#
##≈(§≈g. .>..# #..
..##...#


You could see Maggie.

Vanquished Creatures
  A steam dragon (D:7)
  A wyvern (D:4)
  An ice beast (D:6)
  A sky beast (D:6)
  A centaur (D:5)
  A kobold brigand (D:6)
  4 bullfrogs
  4 scorpions
  2 wights (D:4)
  2 hounds (D:4)
  2 orc priests
  2 gnoll boudas
  2 jellies (D:6)
  3 sleepcaps
  3 iguanas (D:5)
  2 orc wizards
  Natasha (thrice) (D:3)
  Robin (D:2)
  6 gnolls
  13 adders
  A shadow imp (D:7)
  An ufetubus (D:3)
  2 worms (D:2)
  A dart slug (D:2)
  17 orcs
  7 endoplasms
  5 giant cockroaches
  16 goblins
  3 hobgoblins
  8 jackals (D:5)
  A quokka (D:5)
  5 ball pythons
  4 bats
  A frilled lizard (D:1)
  12 kobolds
  6 rats
145 creatures vanquished.

Notes
Turn   | Place    | Note
-------+----------+-------------------------------------------
     0 | D:1      | spardeous the Demigod Conjurer began the quest for the Orb.
     0 | D:1      | Reached XP level 1. HP: 14/14 MP: 5/5
   345 | D:1      | Reached XP level 2. HP: 20/20 MP: 2/7
   914 | D:3      | Learned a level 2 spell: Searing Ray
  1195 | D:2      | Reached XP level 3. HP: 22/26 MP: 0/9
  1993 | D:2      | Found a runed translucent door.
  1994 | D:2      | Noticed Crazy Yiuf
  2371 | D:3      | Noticed Robin
  2378 | D:2      | Killed Robin
  2487 | D:3      | Reached XP level 4. HP: 23/33 MP: 0/11
  2597 | D:3      | Noticed Natasha
  2604 | D:3      | Killed Natasha
  2842 | D:3      | Noticed Natasha
  2849 | D:3      | Killed Natasha
  2871 | D:3      | Noticed Natasha
  2877 | D:3      | Killed Natasha
  2878 | D:3      | Reached skill level 5 in Conjurations
  2878 | D:3      | Reached XP level 5. HP: 38/38 MP: 4/13
  3189 | D:3      | Learned a level 4 spell: Iskenderun's Mystic Blast
  3740 | D:4      | Reached XP level 6. HP: 45/45 MP: 13/15
  3789 | D:4      | Reached skill level 1 in Translocations
  3886 | D:4      | Reached skill level 2 in Translocations
  3987 | D:4      | Found a staircase to the Ecumenical Temple.
  4047 | D:4      | Identified the +3 buckler of the Known World {Contam rC+
                  | SInv Stlth+}
  4340 | D:4      | Found a transporter.
  4358 | D:4      | You fall into a shaft and drop 3 floors!
  4387 | D:7      | Noticed Maggie
  4446 | D:7      | Reached skill level 3 in Translocations
  4491 | D:7      | Noticed a steam dragon
  4758 | D:7      | Killed a steam dragon
  4759 | D:7      | Reached skill level 4 in Translocations
  4759 | D:7      | Reached XP level 7. HP: 8/50 MP: 4/16
  4909 | D:7      | Found Amilobom's Book Boutique.
  4974 | D:6      | Reached skill level 5 in Translocations
  5076 | D:6      | Reached skill level 6 in Translocations
  5541 | D:5      | Entered Level 5 of the Dungeon
  5554 | D:5      | Reached XP level 8. HP: 54/57 MP: 6/17
  5628 | D:6      | Reached skill level 7 in Translocations
  6145 | D:5      | Reached skill level 8 in Translocations
  6404 | D:5      | Found Etokkarhoph's Antique Armour Shop.
  6419 | D:5      | Bought an embroidered scarf for 192 gold pieces
  6886 | D:4      | Found a transporter.
  7360 | D:7      | Killed from afar by Maggie

Illustrated notes

Levels and vault maps discovered:
D:1:      dpeg_arrival_yet_another_circle, layout_basic, nicolae_titane
D:2:      layout_loops_corners, uniq_crazy_yiuf_cottage
D:3:      layout_rooms, dreamdust_ecumenical_altar_hidden_monk_grotto,
          minmay_misc_feat_alley, uniq_natasha, uniq_robin
D:4:      layout_basic, gammafunk_temple_overflow_arena,
          minmay_temple_entry_glassed_door, minmay_misc_feat_doors
D:5:      layout_basic, serial_shops, nicolae_shop_window_shopping,
          minmay_misc_feat_plants, nicolae_half_adder
D:6:      layout_cave_pools
D:7:      gammafunk_corrupted_shrine, layout_loops_ring, grunt_qazlal_sundering,
          serial_shops, nicolae_shop_crystal, uniq_maggie

Skill      XL: |  1  2  3  4  5  6  7  8 |
---------------+-------------------------+-----
Spellcasting   | 2 3 4 |  4.0
Conjurations   | 4 5 6 |  6.9
Translocations | 4 6 8 |  8.0
Dodging        | |  1.7
Stealth        | |  1.7

Action                     |  1- 3 |  4- 6 |  7- 9 || total
---------------------------+-------+-------+-------++-------
  Melee: Unarmed           |     3 |     1 |       ||     4
   Cast: Magic Dart        |    71 |    78 |    10 ||   159
         Searing Ray       |     6 |    17 |    48 ||    71
         Iskenderun's Myst |       |     3 |     4 ||     7
    Use: Potion            |       |     2 |     1 ||     3
 Armour: Robe              |     9 |    11 |    12 ||    32
  Dodge: Dodged            |    15 |    16 |    35 ||    66
  Block: Buckler           |       |     3 |    23 ||    26
